AAA EAST
OMAHA STORM CHASERS @ ALTOONA CURVE
06/10/2042
 
TOP OF THE 1ST
Omaha Storm Chasers batting - Pitching for Altoona Curve : RHP Don Robinson
Pitching: RHP Don Robinson
Batting: RHB Steve Anderson 0-0: Ball
1-0: Foul Ball, location: 25F
1-1: Ball
2-1: Ball
3-1: Foul Ball, location: 23F
3-2: Foul Ball, location: 9LSF
3-2: Strikes out swinging
Batting: RHB Pat Baldwin 0-0: Ball
1-0: SINGLE (Groundball, 4M, EV 83.1 MPH)
Batting: LHB Jorge Martínez 0-0: Ball
1-0: Fly out, F8 (Flyball, 89M, EV 86.3 MPH)
Batting: LHB José Villa 0-0: DOUBLE (Line Drive, 89XD, EV 96.9 MPH)
Pat Baldwin to third
Runner from 3rd tries for Home, SAFE, throw by CF to home
Batting: RHB Darryl Joseph 0-0: Ball
1-0: Ball
2-0: Ball
3-0: SINGLE (Groundball, 34D, EV 104.4 MPH)
José Villa to third
Runner from 3rd tries for Home, SAFE, throw by RF to home
Batting: RHB Gil Reynolds 0-0: Foul Ball, location: 3FF
0-1: Ball
1-1: Ball
2-1: Ball
3-1: Swinging Strike
3-2: Base on Balls
Darryl Joseph to second
Batting: LHB Luis Hernández 0-0: Ball
1-0: Ball
2-0: Ball
3-0: Base on Balls
Darryl Joseph to third
Gil Reynolds to second
Batting: SHB Joe Lund 0-0: Called Strike
0-1: Swinging Strike
0-2: Strikes out swinging
Top of the 1st over - 2 runs, 3 hits, 0 errors, 3 left on base; Omaha 2 - Altoona 0
BOTTOM OF THE 1ST
Altoona Curve batting - Pitching for Omaha Storm Chasers : RHP Josh Jackson
Pitching: RHP Josh Jackson
Batting: LHB Carl Reader 0-0: Called Strike
0-1: Ball
1-1: Swinging Strike
1-2: Foul Ball, location: 5SF
1-2: Foul Ball, location: 7LMF
1-2: Foul Ball, location: 23F
1-2: Ball
2-2: Strikes out swinging
Batting: RHB Pepe Bañuelos 0-0: SINGLE (Groundball, 4MD, EV 108.1 MPH)
Batting: LHB Dave Calhoun 0-0: Ball
1-0: Ball
2-0: Foul Ball, location: 2F
2-1: Ball
3-1: Base on Balls
Pepe Bañuelos to second
Batting: RHB Kevin Williams 0-0: Ball
1-0: Ground out 3-1 (Groundball, 34S, EV 88.1 MPH)
Pepe Bañuelos to third
Dave Calhoun to second
Batting: LHB Rich Herbert 0-0: Ball
1-0: Ball
2-0: Fly out, F4 (Popup, 34, EV 62.5 MPH)
Bottom of the 1st over - 0 runs, 1 hit, 0 errors, 2 left on base; Omaha 2 - Altoona 0
TOP OF THE 2ND
Omaha Storm Chasers batting - Pitching for Altoona Curve : RHP Don Robinson
Batting: LHB Kevin Gray 0-0: Ball
1-0: Called Strike
1-1: Ball
2-1: DOUBLE (Line Drive, 8RXD, EV 108.8 MPH) - OUT at third base trying to stretch hit.
Batting: RHB Steve Anderson 0-0: Ball
1-0: Ball
2-0: TRIPLE (Line Drive, 8LXD, EV 108.1 MPH)
Batting: RHB Pat Baldwin 0-0: Ball
1-0: Ground out 6-3 (Groundball, 6, EV 81.9 MPH)
Steve Anderson scores
Batting: LHB Jorge Martínez 0-0: Ball
1-0: Called Strike
1-1: Foul Ball, location: 23F
1-2: Ball
2-2: Foul Ball, location: 2F
2-2: Ball
3-2: Foul Ball, location: 2F
3-2: Fly out, F9 (Line Drive, 9, EV 86.9 MPH)
Top of the 2nd over - 1 run, 2 hits, 0 errors, 0 left on base; Omaha 3 - Altoona 0
BOTTOM OF THE 2ND
Altoona Curve batting - Pitching for Omaha Storm Chasers : RHP Josh Jackson
Batting: RHB Manny Quintana 0-0: Fly out, F6 (Line Drive, 6, EV 66.9 MPH)
Batting: RHB Kevin Bauer 0-0: Foul Ball, location: 9LSF
0-1: Foul Ball, location: 2F
0-2: Ball
1-2: Ground out 5-3 (Groundball, 56S, EV 78.1 MPH)
Batting: RHB Pancho Romano 0-0: Foul Ball, location: 9LMF
0-1: Ground out 5-3 (Groundball, 56S, EV 68.1 MPH)
Bottom of the 2nd over - 0 runs, 0 hits, 0 errors, 0 left on base; Omaha 3 - Altoona 0
TOP OF THE 3RD
Omaha Storm Chasers batting - Pitching for Altoona Curve : RHP Don Robinson
Batting: LHB José Villa 0-0: Called Strike
0-1: Ball
1-1: Ball
2-1: Swinging Strike
2-2: Foul Ball, location: 7LSF
2-2: Strikes out looking
Batting: RHB Darryl Joseph 0-0: Ball
1-0: SINGLE (Line Drive, 34, EV 97.5 MPH)
Batting: RHB Gil Reynolds 0-0: Foul Ball, location: 2F
0-1: Ball
1-1: Swinging Strike
1-2: Ball
2-2: Foul Ball, location: 2F
2-2: Ball
3-2: Base on Balls
Darryl Joseph to second
Batting: LHB Luis Hernández 0-0: Ball
1-0: Ball
2-0: Grounds into double play, 5-4-3 (Groundball, 56, EV 100.6 MPH)
Top of the 3rd over - 0 runs, 1 hit, 0 errors, 1 left on base; Omaha 3 - Altoona 0
BOTTOM OF THE 3RD
Altoona Curve batting - Pitching for Omaha Storm Chasers : RHP Josh Jackson
Batting: RHB Dan Alexander 0-0: Called Strike
0-1: Ball
1-1: Ground out 5-3 (Groundball, 56S, EV 83.1 MPH)
Batting: LHB Carl Reader 0-0: Ball
1-0: Ground out 4-3 (Groundball, 4, EV 110.6 MPH)
Batting: RHB Pepe Bañuelos 0-0: Ball
1-0: Foul Ball, location: 2F
1-1: Ball
2-1: Swinging Strike
2-2: Strikes out swinging
Bottom of the 3rd over - 0 runs, 0 hits, 0 errors, 0 left on base; Omaha 3 - Altoona 0
TOP OF THE 4TH
Omaha Storm Chasers batting - Pitching for Altoona Curve : RHP Don Robinson
Batting: SHB Joe Lund 0-0: Foul Ball, location: 7LDF
0-1: Ball
1-1: Ball
2-1: Fly out, F7 (Flyball, 78D, EV 84.4 MPH)
Batting: LHB Kevin Gray 0-0: Ball
1-0: Swinging Strike
1-1: Ball
2-1: Ball
3-1: Base on Balls
Batting: RHB Steve Anderson 0-0: Ball
Wild Pitch!
Kevin Gray to second
1-0: Called Strike
1-1: Ball
2-1: Foul Ball, location: 2F
2-2: Foul Ball, location: 2F
2-2: Strikes out swinging
Batting: RHB Pat Baldwin 0-0: Ball
1-0: Called Strike
1-1: Ground out 5-3 (Groundball, 5S, EV 76.3 MPH)
Top of the 4th over - 0 runs, 0 hits, 0 errors, 1 left on base; Omaha 3 - Altoona 0
BOTTOM OF THE 4TH
Altoona Curve batting - Pitching for Omaha Storm Chasers : RHP Josh Jackson
Batting: LHB Dave Calhoun 0-0: Ball
1-0: Foul Ball, location: 7LMF
1-1: Called Strike
1-2: SOLO HOME RUN (Flyball, 78XD, EV 95.6 MPH), Distance : 389 ft
Batting: RHB Kevin Williams 0-0: Ball
1-0: Called Strike
1-1: Ground out 4-3 (Groundball, 4, EV 85.0 MPH)
Batting: LHB Rich Herbert 0-0: SINGLE (Line Drive, 3D, EV 68.1 MPH)
Batting: RHB Manny Quintana 0-0: Ball
1-0: Ball
2-0: Ball
3-0: Base on Balls
Rich Herbert to second
Batting: RHB Kevin Bauer 0-0: Called Strike
0-1: Ball
1-1: Ball
2-1: Ball
3-1: Foul Ball, location: 2F
3-2: Base on Balls
Rich Herbert to third
Manny Quintana to second
Batting: RHB Pancho Romano 0-0: Called Strike
0-1: Ball
1-1: Foul Ball, location: 3F
1-2: Fly out, F9 (Flyball, 89M, EV 91.9 MPH)
Batting: RHB Dan Alexander 0-0: Called Strike
0-1: Called Strike
0-2: SINGLE (Groundball, 4MD, EV 100.6 MPH)
Rich Herbert scores
Manny Quintana to third
Kevin Bauer to second
Runner from 3rd tries for Home, SAFE, throw by CF to home
Batting: LHB Carl Reader 0-0: Ball
Wild Pitch!
Kevin Bauer to third
Dan Alexander to second
1-0: Ball
2-0: Swinging Strike
2-1: Foul Ball, location: 2F
2-2: Ball
3-2: Foul Ball, location: 7LDF
3-2: Base on Balls
Batting: RHB Pepe Bañuelos 0-0: Ball
1-0: Ball
2-0: Ball
3-0: SINGLE (Groundball, 56S, EV 72.5 MPH) (infield hit)
Kevin Bauer scores
Dan Alexander to third
Carl Reader to second
Batting: LHB Dave Calhoun 0-0: Called Strike
0-1: Ball
1-1: Ground out 4-3 (Groundball, 4, EV 101.3 MPH)
Bottom of the 4th over - 4 runs, 4 hits, 0 errors, 3 left on base; Omaha 3 - Altoona 4
TOP OF THE 5TH
Omaha Storm Chasers batting - Pitching for Altoona Curve : RHP Don Robinson
Batting: LHB Jorge Martínez 0-0: Called Strike
0-1: Ball
1-1: Ball
2-1: Ball
3-1: Base on Balls
Batting: LHB José Villa 0-0: Ball
1-0: Ball
2-0: Foul Ball, location: 2F
2-1: Ground out 5-3 (Groundball, 56S, EV 77.5 MPH)
Jorge Martínez to second
Batting: RHB Darryl Joseph 0-0: Ground out 6-3 (Groundball, 6, EV 83.8 MPH)
Batting: RHB Gil Reynolds 0-0: DOUBLE (Line Drive, 9LD, EV 103.1 MPH)
Jorge Martínez scores
Batting: LHB Luis Hernández 0-0: Swinging Strike
0-1: Ball
1-1: Foul Ball, location: 2F
1-2: Strikes out swinging
Top of the 5th over - 1 run, 1 hit, 0 errors, 1 left on base; Omaha 4 - Altoona 4
BOTTOM OF THE 5TH
Altoona Curve batting - Pitching for Omaha Storm Chasers : RHP Josh Jackson
Batting: RHB Kevin Williams 0-0: Called Strike
0-1: Foul Ball, location: 5SF
0-2: Fly out, F6 (Line Drive, 6, EV 71.3 MPH)
Batting: LHB Rich Herbert 0-0: Ball
1-0: Swinging Strike
1-1: Ball
2-1: Ground out 5-3 (Groundball, 25, EV 86.9 MPH)
Batting: RHB Manny Quintana 0-0: Foul Ball, location: 2F
0-1: Ball
1-1: Called Strike
1-2: Ball
2-2: Ground out 6-3 (Groundball, 6S, EV 81.3 MPH)
Bottom of the 5th over - 0 runs, 0 hits, 0 errors, 0 left on base; Omaha 4 - Altoona 4
TOP OF THE 6TH
Omaha Storm Chasers batting - Pitching for Altoona Curve : RHP Don Robinson
Batting: SHB Joe Lund 0-0: Ball
1-0: Fly out, F1 (Popup, P, EV 72.5 MPH)
Batting: LHB Kevin Gray 0-0: Ball
1-0: Called Strike
1-1: Ball
2-1: Ball
3-1: Base on Balls
Batting: RHB Steve Anderson 0-0: Ball
1-0: Ball
2-0: Ball
3-0: Called Strike
3-1: Foul Ball, location: 2F
3-2: Base on Balls
Kevin Gray to second
Pitching: LHP Kevin Nelson
Batting: RHB Pat Baldwin 0-0: Ball
1-0: Ball
Kevin Gray steals 3rd base
2-0: Foul Ball, location: 9LMF
2-1: Ball
3-1: Base on Balls
Steve Anderson to second
Batting: RHB Kevin Hempsall 0-0: Ball
1-0: Ball
2-0: Foul Ball, location: 5F
2-1: Foul Ball, location: 25F
2-2: Grounds into fielders choice 6-2 (Groundball, 6, EV 106.9 MPH)
Steve Anderson to third
Pat Baldwin to second
Batting: LHB José Villa 0-0: Foul Ball, location: 2F
0-1: Ball
1-1: Ball
2-1: Ground out 4-3 (Groundball, 34D, EV 102.5 MPH)
Top of the 6th over - 0 runs, 0 hits, 0 errors, 3 left on base; Omaha 4 - Altoona 4
BOTTOM OF THE 6TH
Altoona Curve batting - Pitching for Omaha Storm Chasers : RHP Josh Jackson
Batting: RHB Kevin Bauer 0-0: Swinging Strike
0-1: Foul Ball, location: 23F
0-2: Ball
1-2: Strikes out swinging
Batting: RHB Pancho Romano 0-0: Ball
1-0: Foul Ball, location: 2F
1-1: Ball
2-1: Ball
3-1: SINGLE (Line Drive, 56, EV 101.9 MPH)
Batting: RHB Dan Alexander 0-0: Fly out, F8 (Flyball, 8LM, EV 93.8 MPH)
Batting: LHB Carl Reader 0-0: Ball
1-0: Called Strike
1-1: Foul Ball, location: 2F
1-2: Foul Ball, location: 5SF
1-2: Ball
2-2: Foul Ball, location: 7LDF
2-2: Ball
3-2: Foul Ball, location: 7LMF
3-2: Foul Ball, location: 3FF
3-2: Foul Ball, location: 2F
3-2: Fly out, F8 (Flyball, 8RD, EV 105.0 MPH)
Bottom of the 6th over - 0 runs, 1 hit, 0 errors, 1 left on base; Omaha 4 - Altoona 4
TOP OF THE 7TH
Omaha Storm Chasers batting - Pitching for Altoona Curve : LHP Kevin Nelson
Batting: RHB Darryl Joseph 0-0: Ball
1-0: Ball
2-0: Ball
3-0: Base on Balls
Batting: RHB Gil Reynolds 0-0: Fly out, F4 (Popup, 4S, EV 83.8 MPH)
Batting: LHB Luis Hernández 0-0: Ball
1-0: Grounds out, U3 (Groundball, 3L, EV 108.1 MPH)
Batting: SHB Joe Lund 0-0: Called Strike
0-1: Ball
1-1: Fly out, F8 (Flyball, 8RXD, EV 97.5 MPH)
Top of the 7th over - 0 runs, 0 hits, 0 errors, 1 left on base; Omaha 4 - Altoona 4
BOTTOM OF THE 7TH
Altoona Curve batting - Pitching for Omaha Storm Chasers : RHP Josh Jackson
Pitching: LHP Rod Rodmell
Batting: RHB Pepe Bañuelos 0-0: Called Strike
0-1: Called Strike
0-2: Ball
1-2: DOUBLE (Flyball, 8LXD, EV 91.3 MPH)
Batting: LHB Dave Calhoun 0-0: Ball
1-0: Foul Ball, location: 2F
1-1: Ball
2-1: Called Strike
2-2: Foul Ball, location: 25F
2-2: Foul Ball, location: 2F
2-2: Ball
3-2: Foul Ball, location: 7LDF
3-2: Fly out, F7 (Flyball, 78M, EV 83.8 MPH)
Batting: RHB Kevin Williams 0-0: Intentional Walk
Batting: LHB Rich Herbert 0-0: Called Strike
0-1: Grounds into double play, 4-6-3 (Groundball, 4, EV 101.9 MPH)
Bottom of the 7th over - 0 runs, 1 hit, 0 errors, 1 left on base; Omaha 4 - Altoona 4
TOP OF THE 8TH
Omaha Storm Chasers batting - Pitching for Altoona Curve : LHP Kevin Nelson
Pinch Hitting: LHB Tyrone Ware 0-0: Ball
1-0: Ball
2-0: Ball
3-0: Called Strike
3-1: Base on Balls
Batting: RHB Steve Anderson 0-0: Foul Ball, location: 2F
0-1: Ball
1-1: Sac Bunt to 15S - play at second, runner OUT! 1-6
Pitching: RHP Kingo Noda
Pinch Hitting: LHB José González 0-0: Ball
Steve Anderson steals 2nd base
1-0: DOUBLE (Line Drive, 3D, EV 104.4 MPH)
Steve Anderson scores
Batting: RHB Kevin Hempsall 0-0: Called Strike
0-1: Called Strike
0-2: Foul Ball, location: 5F
0-2: Strikes out swinging
Batting: LHB José Villa 0-0: Foul Ball, location: 9LMF
0-1: Foul Ball, location: 3F
0-2: Ball
1-2: Ball
2-2: Foul Ball, location: 2RF
2-2: Ball
3-2: Ground out 5-3 (Groundball, 56, EV 80.6 MPH)
Top of the 8th over - 1 run, 1 hit, 0 errors, 1 left on base; Omaha 5 - Altoona 4
BOTTOM OF THE 8TH
Altoona Curve batting - Pitching for Omaha Storm Chasers : LHP Rod Rodmell
Now at 1B: Tyrone Ware
Now at 3B: Tim Thurman
Batting: RHB Manny Quintana 0-0: Called Strike
0-1: Foul Ball, location: 7LSF
0-2: Foul Ball, location: 9LMF
0-2: Ball
1-2: Ball
2-2: Ball
3-2: SINGLE (Flyball, 78S, EV 96.9 MPH)
Batting: RHB Kevin Bauer 0-0: Ball
1-0: TRIPLE (Line Drive, 89XD, EV 106.9 MPH)
Manny Quintana scores
Batting: RHB Pancho Romano 0-0: Intentional Walk
Batting: RHB Dan Alexander 0-0: Foul Ball, location: 5FF
0-1: Ground out 5-3 (Groundball, 56S, EV 83.1 MPH)
Pancho Romano to second
Batting: LHB Carl Reader 0-0: Foul Ball, location: 7LSF
0-1: Called Strike
0-2: SINGLE (Line Drive, 34D, EV 96.9 MPH)
Kevin Bauer scores
Pancho Romano to third
Runner from 3rd tries for Home, SAFE, throw by RF to home
Carl Reader to second
Pitching: RHP Ken Kirkpatrick
Batting: RHB Pepe Bañuelos 0-0: Called Strike
0-1: Ball
1-1: Ball
2-1: Called Strike
2-2: Ball
3-2: SINGLE (Groundball, 34D, EV 102.5 MPH)
Carl Reader to third
Batting: LHB Dave Calhoun 0-0: Ball
1-0: Ball
2-0: Foul Ball, location: 2F
2-1: Called Strike
2-2: Fielders Choice attempt at home, Runner SAFE. 4-2 (Groundball, 34, EV 92.5 MPH)
Pepe Bañuelos to second
Batting: RHB Kevin Williams 0-0: Called Strike
0-1: Ball
1-1: Fly out, F8 (Flyball, 8LXD, EV 106.3 MPH)
Runner from 2nd tags up, SAFE at 3rd, no throw by CF
Batting: LHB Rich Herbert 0-0: Ball
1-0: Ball
2-0: Foul Ball, location: 7LSF
2-1: Ball
3-1: Base on Balls
Dave Calhoun to second
Batting: RHB Manny Quintana 0-0: Ball
1-0: Ball
2-0: Foul Ball, location: 9LSF
2-1: Ball
3-1: Called Strike
3-2: Fly out, F8 (Flyball, 8RM, EV 96.9 MPH)
Bottom of the 8th over - 4 runs, 4 hits, 0 errors, 3 left on base; Omaha 5 - Altoona 8
TOP OF THE 9TH
Omaha Storm Chasers batting - Pitching for Altoona Curve : RHP Kingo Noda
Pitching: RHP José Gómez
Now at C: Joe Brown
Batting: RHB Darryl Joseph 0-0: Called Strike
0-1: Foul Ball, location: 2F
0-2: Ball
1-2: Ball
2-2: Ground out 6-3 (Groundball, 6, EV 86.3 MPH)
Batting: RHB Gil Reynolds 0-0: Ball
1-0: SINGLE (Groundball, 34D, EV 108.1 MPH)
Batting: LHB Luis Hernández 0-0: Ball
1-0: Swinging Strike
1-1: Ball
2-1: Ball
3-1: Swinging Strike
3-2: Foul Ball, location: 2F
3-2: DOUBLE (Line Drive, 7LM, EV 106.9 MPH)
Gil Reynolds to third
Batting: SHB Joe Lund 0-0: Called Strike
0-1: Called Strike
0-2: Foul Ball, location: 7LSF
0-2: Hit by Pitch
Batting: LHB Tyrone Ware 0-0: Ball
1-0: Called Strike
1-1: Ball
2-1: Ball
3-1: Base on Balls
Gil Reynolds scores
Luis Hernández to third
Joe Lund to second
Batting: RHB Steve Anderson 0-0: Grounds into fielders choice 6-2 (Groundball, 56, EV 83.1 MPH)
Joe Lund to third
Tyrone Ware to second
Batting: LHB Tim Thurman 0-0: Ball
1-0: Ball
2-0: Called Strike
2-1: Ball
3-1: Ground out 6-3 (Groundball, P, EV 87.5 MPH)
Top of the 9th over - 1 run, 2 hits, 0 errors, 3 left on base; Omaha 6 - Altoona 8
Friday, May 3rd , 2024 - OOTP Baseball 24.10 Build 82